 Dungeon Crawl Stone Soup version 0.29.0-5-ge4962eb29e (webtiles) character file.

Game seed: 81714831692662913

751 slphil the Magician (level 7, -16/55 HPs)
             Began as a Mummy Necromancer on Aug 30, 2022.
             Demolished by an ogre
             ... wielding a +0 giant spiked club
              (27 damage)
             ... on level 5 of the Dungeon.
             The game lasted 00:07:18 (4286 turns).

slphil the Magician (Mummy Necromancer)             Turns: 4286, Time: 00:07:18

Health: -16/55     AC:  4    Str: 12    XL:     7   Next: 49%
Magic:  16/16      EV: 12    Int: 16    God:
Gold:   231        SH:  0    Dex: 12    Spells: 14/18 levels left

rFire   . . .      SeeInvis .   d - +4 dagger (venom)
rCold   + . .      Faith    .   (no shield)
rNeg    + + +      Spirit   .   a - +0 robe
rPois   ∞          Reflect  .   g - +0 helmet
rElec   .          Harm     .   (no cloak)
rCorr   .          Rampage  .   t - +0 pair of gloves
Will    .....                   (no boots)
Stlth   ++........              u - amulet of magic regeneration
HPRegen 0.18/turn               c - ring of protection from fire
MPRegen 0.55/turn               (no ring)

@: no status effects
A: cold resistance 1, negative energy resistance 3, torment resistance 2, heat
vulnerability 1, in touch with death 1, no potions
a: no special abilities


You were on level 5 of the Dungeon.
You visited 1 branch of the dungeon, and saw 5 of its levels.

You collected 231 gold pieces.

Inventory:

Hand Weapons
 b - a +0 club
 d - a +4 dagger of venom (weapon)
 i - a +0 short sword
 j - a +1 hand axe of venom
Missiles
 p - a throwing net
Armour
 a - a +0 robe (worn)
 g - a +0 helmet (worn)
 t - a +0 pair of gloves (worn)
Jewellery
 c - a ring of protection from fire (left hand)
 m - an amulet of faith
 o - a ring of wizardry
 u - an amulet of magic regeneration (around neck)
Wands
 l - a wand of mindburst (3)
Scrolls
 e - 2 scrolls of amnesia
 f - a scroll of immolation
 h - 2 scrolls of fear
 k - 3 scrolls of enchant armour
 n - a scroll of noise
 q - a scroll of teleportation
 r - 2 scrolls of fog {unknown}
 s - 2 scrolls of identify
 v - a scroll of vulnerability {unknown}


   Skills:
 + Level 4.5 Fighting
 - Level 1.5 Dodging
 - Level 1.5 Stealth
 + Level 6.3 Spellcasting
 + Level 6.2 Necromancy


You had 14 spell levels left.
You knew the following spells:

 Your Spells              Type           Power      Damage    Failure   Level
a - Necrotise             Necr           100%       1d9       1%          1
b - Vampiric Draining     Necr           37%        2d8       3%          3

Your spell library contained the following spells:

 Spells                   Type           Power      Damage    Failure   Level
 Animate Dead             Necr           37%        N/A       10%         4
 Agony                    Necr           37%        N/A       28%         5
 Gell's Gravitas          Tloc           5%         N/A       36%         3
 Lesser Beckoning         Tloc           5%         N/A       36%         3
 Teleport Other           Tloc           5%         N/A       36%         3
 Summon Hydra             Summ           2%         N/A       100%        7
 Sublimation of Blood     Necr           Unusable   N/A       N/A         2
 Wereblood                Tmut           Unusable   N/A       N/A         2

Dungeon Overview and Level Annotations

Branches:
Dungeon (5/15)
 Temple: D:4-7

Altars:
Ru
Sif Muna

Shops:
D:5 !


Innate Abilities, Weirdness & Mutations

You are immune to poison.
Your flesh is cold resistant. (rC+)
You are immune to negative energy. (rN+++)
You are immune to unholy pain and torment.
You are vulnerable to heat. (rF-)
You are in touch with the powers of death.
You do not drink.


Message History

You hit the shadow imp.
The shadow imp is lightly wounded.
The shadow imp laughs crazily.
The shadow imp hits you.
You hit the shadow imp but do no damage.
The shadow imp is lightly wounded.
The shadow imp hits you.
You puncture the shadow imp!
The shadow imp is severely wounded.
The shadow imp hits you but does no damage.
You hit the shadow imp.
You kill the shadow imp!
No target in view!
HP restored.
Found a murky puce potion.
Found 3 stones.
Found Hisua's Distillery.
You now have 220 gold pieces (gained 7).
Found a stone staircase leading down.
r - 2 scrolls labelled NOPHEN BIAZI (gained 1)
There is an entrance to Hisua's Distillery here.
You now have 231 gold pieces (gained 11).
Found 8 stones.
An ogre comes into view. It is wielding a +0 giant spiked club.
An ogre is nearby!
You feel a surge of power!
The ogre writhes in agony.
You feel a surge of power!
The ogre writhes in agony.
You feel a surge of power!
The ogre writhes in agony.
You hit the ogre.
The ogre is poisoned.
The ogre is heavily wounded.
The ogre hits you with a +0 giant spiked club!!
You hit the ogre.
The ogre looks as sick as possible!
The ogre is heavily wounded.
You hit the ogre.
The ogre looks as sick as possible!
The ogre is severely wounded.
The ogre hits you with a +0 giant spiked club!!
* * * LOW HITPOINT WARNING * * *
The ogre attacks as you move away!
The ogre hits you with a +0 giant spiked club!!
You die...

#......................
#...............∩......
#......................
###....................
#.................!..
#....................
#....................
#....................
#...@............!...
#...O...>............
#....................
#....................
#....(...... .......
#........... .......
#........... .......
#........... .......
.......


You could see an ogre (extremely poisoned).

Vanquished Creatures
  An ice beast (D:4)
  An ogre (D:5)
  A phantom (D:4)
  2 scorpions
  A hound (D:5)
  A jelly (D:5)
  An iguana (D:4)
  Natasha (D:2)
  2 orc wizards (D:3)
  Ijyb (D:3)
  A mummy (D:4)
  2 gnolls (D:3)
  5 adders
  2 shadow imps (D:5)
  2 worms
  4 dart slugs
  An orc (D:5)
  8 ball pythons
  2 bats
  3 endoplasms
  4 giant cockroaches
  8 goblins
  4 hobgoblins
  6 kobolds
  5 quokkas
  5 frilled lizards
  5 rats
79 creatures vanquished.

Vanquished Creatures (collateral kills)
  An iguana (D:4)
  A gnoll (D:3)
  2 orcs
  3 endoplasms
7 creatures vanquished.

Grand Total: 86 creatures vanquished

Notes
Turn   | Place    | Note
-------+----------+-------------------------------------------
     0 | D:1      | slphil the Mummy Necromancer began the quest for the Orb.
     0 | D:1      | Reached XP level 1. HP: 13/13 MP: 4/4
   253 | D:1      | You fall into a shaft and drop 1 floor!
   289 | D:2      | Reached XP level 2. HP: 20/20 MP: 4/6
   524 | D:1      | Reached skill level 1 in Fighting
  1038 | D:2      | Gained mutation: You are in touch with the powers of death.
                  | [Mummy growth]
  1038 | D:2      | Reached XP level 3. HP: 24/26 MP: 3/7
  1045 | D:2      | Learned a level 3 spell: Vampiric Draining
  1456 | D:2      | Noticed Natasha
  1460 | D:2      | Killed Natasha
  1461 | D:2      | Reached XP level 4. HP: 33/33 MP: 5/9
  1862 | D:3      | Noticed Ijyb
  1866 | D:3      | Killed Ijyb
  1931 | D:3      | Noticed a scorpion
  1944 | D:3      | Killed a scorpion
  1945 | D:3      | Reached skill level 5 in Necromancy
  1945 | D:3      | Reached XP level 5. HP: 31/39 MP: 4/11
  2338 | D:3      | Found a shimmering blue altar of Sif Muna.
  2570 | D:3      | Reached skill level 5 in Spellcasting
  2570 | D:3      | Reached XP level 6. HP: 47/47 MP: 6/13
  2953 | D:4      | Found a sand-covered staircase.
  3346 | D:4      | Noticed an ice beast
  3354 | D:4      | Killed an ice beast
  3355 | D:4      | Reached XP level 7. HP: 54/54 MP: 8/15
  3583 | D:4      | Found a sacrificial altar of Ru.
  3992 | D:5      | Entered Level 5 of the Dungeon
  4247 | D:5      | Found Hisua's Distillery.
  4286 | D:5      | Demolished by an ogre

Illustrated notes

Levels and vault maps discovered:
D:1:      elethiomel_arrival_maze, layout_basic
D:2:      layout_loops_cross, uniq_natasha
D:3:      layout_rooms, led_sif_book, serial_corexii_hall,
          chequers_hall_statues_wall_a, corexii_hall_statues_u,
          kennysheep_generic_room_2, uniq_ijyb
D:4:      layout_basic, mainiacjoe_overflow_alcove_2,
          cheibrodos_sewer_entry_bend, gup_ossuary_entry_pyramid
D:5:      layout_basic, mainiacjoe_overflow_chevrons, serial_shops, shop

Skill      XL: |  1  2  3  4  5  6  7 |
---------------+----------------------+-----
Spellcasting   | 3 4 5 6 |  6.3
Fighting       | 1 2 3 4 |  4.5
Necromancy     | 5 6 |  6.2
Dodging        | |  1.5
Stealth        | |  1.5

Action                   |  1- 3 |  4- 6 |  7- 9 || total
-------------------------+-------+-------+-------++-------
Melee: Unarmed           |     4 |       |       ||     4
       Club              |     1 |       |       ||     1
       Dagger            |       |    10 |    27 ||    37
 Cast: Necrotise         |    55 |   100 |    25 ||   180
Evoke: Wand              |       |     2 |       ||     2
  Use: Scroll            |       |     6 |       ||     6
Armor: Robe              |     3 |     6 |     2 ||    11
Dodge: Dodged            |     9 |    10 |    14 ||    33
